 Dungeon Crawl Stone Soup version 0.22.0-36-g8e74550 (webtiles) character file.

7314 Arum the Fighter (level 11, -2/138 HPs)
             Began as a Formicid Fighter on Aug 24, 2018.
             Was an Elder of Makhleb.
             Slain by a three-headed hydra (6 damage)
             ... on level 9 of the Dungeon.
             The game lasted 00:19:56 (8628 turns).

Arum the Fighter (Formicid Fighter)                 Turns: 8628, Time: 00:19:58

Health: -2/138     AC: 25    Str: 22    XL:     11   Next: 34%
Magic:  14/14      EV:  2    Int: 10    God:    Makhleb [****..]
Gold:   275        SH: 12    Dex: 16    Spells: 10/10 levels left

rFire    . . .     SeeInvis .   s - +3 quarterstaff (chaos)
rCold    + . .     Gourm    +   c - +0 shield
rNeg     + + +     Faith    .   (armour currently unavailable)
rPois    +         Spirit   .   (helmet unavailable)
rElec    .         Reflect  .   (cloak currently unavailable)
rCorr    .         Harm     .   (gloves currently unavailable)
MR       +....                  (boots currently unavailable)
Stlth    +.........             D - amulet of the gourmand
HPRegen  0.33/turn              k - ring of protection from cold
MPRegen  0.14/turn              I - +2 ring of dexterity

@: tree-form
A: permanent stasis, dig shafts and tunnels, four strong arms, agile 1, clever 1
a: Minor Destruction, Lesser Servant of Makhleb, Major Destruction, Renounce
Religion


You were on level 9 of the Dungeon.
You worshipped Makhleb.
Makhleb was greatly pleased with you.
You were very full.
You were a tree.
You visited 1 branch of the dungeon, and saw 9 of its levels.

You collected 536 gold pieces.
You spent 261 gold pieces at shops.

Inventory:

Hand Weapons
 a - a +0 quarterstaff
 s - a +3 quarterstaff of chaos (weapon)
Missiles
 v - 6 javelins
 z - 5 poisoned tomahawks (quivered)
Armour
 b - a +0 scale mail (melded)
 c - a +0 shield (worn)
 j - a +0 pair of boots (melded)
 p - a +0 pair of gloves (melded)
 t - a +2 cloak (melded)
Jewellery
 k - a ring of protection from cold (left branch)
 D - an amulet of the gourmand (around neck)
 I - a +2 ring of dexterity (right branch)
 O - a +5 ring of dexterity
Wands
 q - a wand of polymorph (30)
Scrolls
 d - 2 scrolls of random uselessness {unknown}
 e - 3 scrolls of teleportation {unknown}
 h - 6 scrolls of identify
 m - 2 scrolls of amnesia {unknown}
 n - 2 scrolls of immolation {unknown}
 o - 3 scrolls of blinking {unknown}
 u - a scroll of fog {unknown}
 w - 4 scrolls of remove curse {unknown}
 x - 2 scrolls of noise {unknown}
 y - 3 scrolls of enchant weapon {unknown}
 E - a scroll of summoning {unknown}
 F - a scroll of enchant armour {unknown}
 J - a scroll of holy word {unknown}
 L - a scroll of fear {unknown}
Potions
 g - 5 potions of curing
 i - 2 potions of mutation
 l - 3 potions of heal wounds
 A - 2 potions of brilliance
 B - a potion of cancellation
 C - a potion of magic
 G - a potion of agility
 H - a potion of resistance
 K - a potion of ambrosia
 N - a potion of invisibility {unknown}
Comestibles
 f - 19 rations


   Skills:
 + Level 10.7 Fighting
 + Level 9.6 Staves
 + Level 6.7 Armour
 - Level 10.0 Shields
 - Level 5.0 Invocations


You had 10 spell levels left.
You didn't know any spells.
Your spell library contained the following spells:

 Spells                   Type           Power        Failure   Level  Hunger
 Freeze                   Ice            #...         36%         1    ##.....
 Magic Dart               Conj           #...         36%         1    ##.....
 Searing Ray              Conj           #.....       50%         2    ###....
 Throw Frost              Conj/Ice       #.....       50%         2    ###....
 Dazzling Spray           Conj/Hex       #.....       75%         3    ####...
 Ozocubu's Armour         Chrm/Ice       #.......     75%         3    ####...
 Force Lance              Conj/Tloc      #.......     98%         4    #####..
 Fulminant Prism          Conj/Hex       #.........   98%         4    #####..
 Iskenderun's Mystic Bla  Conj           #.......     98%         4    #####..
 Summon Ice Beast         Ice/Summ       #.......     98%         4    #####..
 Throw Icicle             Conj/Ice       #.......     98%         4    #####..


Dungeon Overview and Level Annotations

Branches:
Dungeon (9/15)             Temple (0/1) D:5            Lair (0/6) D:8
    Orc: D:9-12

Altars:
Dithmenos
Elyvilon
Fedhas
Gozag
Makhleb
Okawaru
Qazlal
Ru
Trog
Wu Jian
Xom
Yredelemnul
Zin

Shops:
D:4 [   D:6 *

Annotations:
D:3 1 runed door, bloodycherry's ghost, amateur MiFi


Innate Abilities, Weirdness & Mutations

You cannot be hasted, slowed, berserked, paralysed or teleported.
You can dig through walls and to a lower floor.
Your four strong arms can wield two-handed weapons with a shield.
((You have a pair of large antennae on your head. (SInv)))
You are agile. (Dex +2)
Your mind is acute. (Int +2)


Message History

The three-headed hydra barely misses you.
Unknown command.
You hit the three-headed hydra.
The three-headed hydra seems to slow down.
The three-headed hydra is severely wounded.
The three-headed hydra bites you but does no damage. x3
Unknown command.
You hit the three-headed hydra.
Lightning courses through the three-headed hydra!
The three-headed hydra is almost dead.
The three-headed hydra bites you but does no damage.
You block the three-headed hydra's attack.
The three-headed hydra bites you but does no damage.
You hit the three-headed hydra.
The three-headed hydra flickers and vanishes!
Deactivating autopickup; reactivate with Ctrl-A.
Something bites you!
* * * LOW HITPOINT WARNING * * *
Something bites you.
You die...

P≈..%.. ≈≈P%.P%
###P≈≈....
#..)≈P....
#.#'###+++
#.#K.#{ {{ #.#.%+
{{ #.##########
#K{♣)##.##.######
####.##.........#
#.#####.####.#
#.#####.# #.#
#...)...# #.#
######### #.# #.#
# #.#### #.....


You could see a big kobold (berserk).

Vanquished Creatures
  Erica (D:9)
  A two-headed ogre (D:8)
  Pikel (D:8)
  A deep elf mage (D:7)
  A troll (D:9)
  Prince Ribbit (D:7)
  Sigmund (D:5)
  A vampire (D:9)
  2 hungry ghosts
  2 sky beasts
  4 ice beasts (D:6)
  A phantom (D:5)
  A black bear (D:6)
  2 orc warriors
  4 ogres
  A necrophage (D:8)
  5 centaurs
  A big kobold (D:9)
  Blork the orc (D:6)
  9 bullfrogs
  A gnoll sergeant (D:7)
  4 killer bees (D:8)
  4 wights (D:7)
  2 howler monkeys
  A crimson imp (D:6)
  2 orc priests
  3 hounds
  2 jellies (D:6)
  11 orc wizards
  Crazy Yiuf (D:3)
  Natasha (twice) (D:2)
  6 iguanas
  6 worker ants
  A hound zombie (D:5)
  4 hound skeletons
  Robin (D:3)
  12 gnolls
  8 adders
  2 shadow imps
  An ooze (shapeshifter) (D:6)
  2 oozes
  An adder zombie (D:5)
  An adder skeleton (D:4)
  2 worms (D:2)
  5 dart slugs
  3 leopard geckos
  19 orcs
  7 bats
  4 giant cockroaches
  15 goblins
  17 hobgoblins
  7 jackals (D:2)
  3 quokkas
  5 ball pythons
  5 frilled lizards
  8 kobolds (D:2)
  A leopard gecko skeleton (D:6)
  A quokka skeleton (D:4)
  7 rats
228 creatures vanquished.

Vanquished Creatures (collateral kills)
  An ogre (D:8)
  An adder zombie (D:8)
2 creatures vanquished.

Vanquished Creatures (others)
  A slave (D:8)
  A centaur zombie (D:8)
  An orc priest (D:8)
  3 orcs (D:8)
  5 toadstools (D:1)
11 creatures vanquished.

Grand Total: 241 creatures vanquished

Notes
Turn   | Place    | Note
-------+----------+-------------------------------------------
     0 | D:1      | Arum the Formicid Fighter began the quest for the Orb.
     0 | D:1      | Reached XP level 1. HP: 18/18 MP: 1/1
   332 | D:1      | Reached XP level 2. HP: 24/24 MP: 2/2
   896 | D:2      | Reached XP level 3. HP: 17/30 MP: 3/3
  1266 | D:2      | Found a blossoming altar of Fedhas.
  1371 | D:2      | Noticed a balrug
  1373 | D:2      | Reached XP level 4. HP: 37/37 MP: 4/4
  1374 | D:2      | Found a burning altar of Makhleb.
  1378 | D:2      | Found a glowing silver altar of Zin.
  1378 | D:2      | Noticed an angel
  1381 | D:2      | Became a worshipper of Makhleb the Destroyer
  1492 | D:2      | Noticed Natasha
  1502 | D:2      | Killed Natasha
  1534 | D:2      | Reached XP level 5. HP: 36/42 MP: 5/5
  1751 | D:2      | Noticed Natasha
  1762 | D:2      | Killed Natasha
  1813 | D:3      | Found an ornate altar of the Wu Jian Council.
  1913 | D:3      | Noticed bloodycherry's ghost (amateur MiFi)
  1914 | D:3      | Reached skill level 5 in Shields
  1927 | D:3      | Reached * piety under Makhleb
  1933 | D:3      | Found a runed door.
  1954 | D:3      | Noticed Robin
  2010 | D:3      | Killed Robin
  2159 | D:3      | Gained mutation: You are agile. (Dex +2) [potion of mutation]
  2159 | D:3      | Gained mutation: Your mind is acute. (Int +2) [potion of mutation]
  2250 | D:3      | Reached XP level 6. HP: 14/49 MP: 1/6
  2274 | D:3      | Found a faded altar of an unknown god.
  2681 | D:3      | Found a runed door.
  2895 | D:3      | Noticed Crazy Yiuf
  2903 | D:3      | Killed Crazy Yiuf
  2903 | D:3      | Reached skill level 5 in Fighting
  3045 | D:4      | Found a sacrificial altar of Ru.
  3112 | D:4      | Noticed an ogre
  3120 | D:4      | Killed an ogre
  3519 | D:4      | Reached XP level 7. HP: 52/56 MP: 7/7
  3556 | D:4      | Reached ** piety under Makhleb
  3633 | D:4      | Found Pemealec's Armour Shoppe.
  4103 | D:5      | Entered Level 5 of the Dungeon
  4181 | D:5      | Noticed Sigmund
  4188 | D:5      | Killed Sigmund
  4188 | D:5      | Reached skill level 5 in Staves
  4203 | D:5      | Reached XP level 8. HP: 64/64 MP: 6/8
  4276 | D:5      | Paralysed by fainting for 12 turns
  4458 | D:5      | Found a staircase to the Ecumenical Temple.
  5307 | D:6      | Reached *** piety under Makhleb
  5322 | D:6      | Reached XP level 9. HP: 72/72 MP: 6/9
  5498 | D:6      | Found a stormy altar of Qazlal.
  5502 | D:6      | Found a shimmering altar of Xom.
  5847 | D:6      | Found a bloodstained altar of Trog.
  5859 | D:6      | Found Xufid's Assorted Antiques.
  5866 | D:6      | Bought a dented lapis lazuli amulet for 145 gold pieces
  5866 | D:6      | Bought a scroll labeled CUTHUS LAETAOBI for 29 gold pieces
  5866 | D:6      | Bought a scroll of identify for 58 gold pieces
  5866 | D:6      | Bought a scroll labeled JOENTA ZYNI for 29 gold pieces
  5890 | D:6      | Noticed Blork the orc
  5903 | D:6      | Killed Blork the orc
  6444 | D:7      | Noticed Prince Ribbit
  6453 | D:7      | Killed Prince Ribbit
  6453 | D:7      | Reached XP level 10. HP: 82/82 MP: 10/10
  6499 | D:7      | Reached skill level 1 in Invocations
  6536 | D:7      | Reached skill level 10 in Shields
  7008 | D:7      | Reached **** piety under Makhleb
  7224 | D:7      | Found a white marble altar of Elyvilon.
  7224 | D:7      | Noticed a deep elf mage
  7234 | D:7      | Killed a deep elf mage
  7249 | D:7      | Found an opulent altar of Gozag.
  7407 | D:8      | Found a basalt altar of Yredelemnul.
  7416 | D:8      | Noticed Pikel
  7433 | D:8      | Killed Pikel
  7608 | D:8      | Found a staircase to the Lair.
  7708 | D:8      | Reached skill level 5 in Armour
  7747 | D:8      | Noticed a two-headed ogre
  7754 | D:8      | Killed a two-headed ogre
  7754 | D:8      | Reached skill level 10 in Fighting
  7754 | D:8      | Reached skill level 5 in Invocations
  7754 | D:8      | Reached XP level 11. HP: 90/90 MP: 14/14
  8145 | D:9      | Found an iron altar of Okawaru.
  8275 | D:9      | Found a shadowy altar of Dithmenos.
  8452 | D:9      | Noticed Erica
  8468 | D:9      | Killed Erica
  8609 | D:9      | Noticed a three-headed hydra
  8628 | D:9      | HP: 4/138 [something (15)]
  8628 | D:9      | Slain by a three-headed hydra

Skill      XL: |  1  2  3  4  5  6  7  8  9 10 11 |
---------------+----------------------------------+-----
Shields        | 4 5 6 8 9 10 | 10.0
Fighting       | 4 5 6 7 8 10 | 10.7
Staves         | 3 4 5 6 7 9 |  9.6
Invocations    | 5 |  5.0
Armour         | 5 6 |  6.7

Action                   |  1- 3 |  4- 6 |  7- 9 | 10-12 || total
-------------------------+-------+-------+-------+-------++-------
Melee: Quarterstaff      |    98 |   202 |   327 |   214 ||   841
       Unarmed           |       |     4 |       |       ||     4
 Abil: Dig               |     4 |     2 |       |     1 ||     7
  Use: Potion            |       |     3 |       |     1 ||     4
       Scroll            |       |       |    10 |     3 ||    13
 Stab: Confused          |       |     1 |       |     3 ||     4
       Paralysed         |       |       |     3 |     3 ||     6
       Petrifying        |       |       |       |     4 ||     4
  Eat: Chunk             |     2 |     7 |    13 |    15 ||    37
       Ration            |       |       |     1 |       ||     1
Armor: Scale mail        |    37 |    85 |   127 |    56 ||   305
       Skin              |       |       |       |     8 ||     8
Dodge: Dodged            |    32 |    79 |    89 |    49 ||   249
Block: Shield            |    42 |   126 |   145 |   127 ||   440
